 Dungeon Crawl Stone Soup version 0.30-a0-269-gf0224bf7b6 (webtiles) character file.

Game seed: 2713251428006419367

3591 slphil the Fighter (level 10, -14/78 HPs)
             Began as a Djinni Fire Elementalist on Oct 14, 2022.
             Was a High Priest of Makhleb.
             Shot with a sling bullet by Joseph (18 damage)
             ... on level 7 of the Dungeon.
             The game lasted 00:15:30 (6519 turns).

slphil the Fighter (Djinni Fire Elementalist)       Turns: 6519, Time: 00:15:30

Health: -14/78     AC:  5    Str:  7    XL:     10   Next: 31%
Gold:   431        EV: 12    Int: 22    God:    Makhleb [*****.] SH:  0 Dex: 19

rFire   + + +      SeeInvis .    M - +5 falchion
rCold   . . .      Faith    .    (no shield)
rNeg    . . .      Spirit   .    N - +2 robe {rC+ rF+}
rPois   ∞          Reflect  .    J - +0 helmet
rElec   .          Harm     .    (no cloak)
rCorr   .          Rampage  .    (no gloves)
Will    +....                    (boots unavailable)
Stlth   +.........               t - amulet of regeneration
HPRegen 1.13/turn                q - +6 ring of dexterity
MPRegen 0.00/turn                (no ring)

@: confused, flying
A: sickness immunity, fire resistance 2, cold vulnerability 1, float, innate
caster, HP casting, extra vitality 1
a: Renounce Religion, Minor Destruction, Lesser Servant of Makhleb, Major
Destruction, Greater Servant of Makhleb


You were on level 7 of the Dungeon.
You worshipped Makhleb.
Makhleb was extremely pleased with you.
You visited 1 branch of the dungeon, and saw 7 of its levels.
You also visited: Sewer and Ossuary.

You collected 431 gold pieces.

Inventory:

Hand Weapons
 l - a +2 scythe of flaming
 M - a +5 falchion (weapon)
Missiles
 K - 2 throwing nets
Armour
 o - a scarf of shadows
 J - a +0 helmet (worn)
 N - a +2 robe of resistance (worn)
 P - +0 acid dragon scales
Jewellery
 k - an amulet of reflection
 q - a +6 ring of dexterity (left hand)
 t - an amulet of regeneration (around neck)
Wands
 e - a wand of polymorph (7)
 m - a wand of flame (39)
 G - a wand of charming (12)
 O - a wand of mindburst (20)
Scrolls
 a - a scroll of silence {unknown}
 c - 8 scrolls of teleportation {unknown}
 d - 2 scrolls of enchant armour {unknown}
 f - 3 scrolls of blinking {unknown}
 g - 3 scrolls of magic mapping
 i - 3 scrolls of fear {unknown}
 j - 4 scrolls of enchant weapon {unknown}
 p - 3 scrolls of amnesia {unknown}
 r - 9 scrolls of identify {unknown}
 s - 3 scrolls of poison {unknown}
 w - a scroll of brand weapon {unknown}
 x - 2 scrolls of summoning {unknown}
 y - a scroll of acquirement {unknown}
 C - a scroll of noise {unknown}
 E - 2 scrolls of butterflies {unknown}
 I - a scroll of vulnerability {unknown}
 L - a scroll of immolation {unknown}
Potions
 b - 2 potions of heal wounds
 h - 2 potions of degeneration {unknown}
 n - 5 potions of curing
 u - a potion of brilliance
 v - 4 potions of flight {unknown}
 z - 2 potions of mutation {unknown}
 A - 2 potions of might
 B - 3 potions of haste {unknown}
 D - 3 potions of invisibility {unknown}
 F - 3 potions of attraction
 H - 2 potions of berserk rage {unknown}


   Skills:
 * Level 9.2 Fighting
 - Level 2.1 Dodging
 - Level 1.5 Stealth
 * Level 7.5 Spellcasting
 + Level 5.4 Invocations


You had 2 spell levels left.
You knew the following spells:

 Your Spells              Type           Power      Damage    Failure   Level
a - Foxfire               Conj/Fire      100%       2x1d9     1%          1
b - Scorch                Fire           82%        2d9       1%          2
c - Kindle Blastsparks    Fire/Tloc/Air  82%        2d16      1%          3
d - Inner Flame           Hex/Fire       41%        N/A       1%          3
e - Flame Wave            Conj/Fire      41%        2d11      3%          4
f - Beastly Appendage     Tmut           82%        N/A       1%          1
g - Call Imp              Summ           41%        N/A       1%          2
h - Tukima's Dance        Hex            41%        N/A       1%          3
i - Ignite Poison         Fire/Tmut/Pois 41%        N/A       1%          3
Your spell library was empty.

Dungeon Overview and Level Annotations

Branches:
Dungeon (7/15)             Temple (0/1) D:5           Sewer (visited)
Ossuary (visited)

Altars:
Gozag
Makhleb
Uskayaw
The Shining One

Annotations:
D:6 3 runed translucent doors, bande's ghost, novice GrFi
D:7 Joseph; Menkaure


Innate Abilities, Weirdness & Mutations

You are immune to sickness and miasma.
You are immune to poison.
Your flesh is very heat resistant. (rF++)
You are vulnerable to cold. (rC-)
You float through the air rather than walking.
You learn spells naturally, not from books.
Your magical power is your life essence.
You have superior vitality. (+4 MHP)


Message History

Joseph is heavily wounded.
The foxfire hits Joseph.
Joseph is heavily wounded.
Unknown command.
Casting: Foxfire (safe; 1% risk of failure)
Confirm with . or Enter, or press ? or * to list all spells.
Flames lash Joseph.
Joseph is burned terribly!
Joseph is severely wounded.
The foxfire hits Joseph.
Joseph is burned terribly!
Joseph is almost dead.
The foxfire hits Joseph!
Joseph is burned terribly!
Joseph is almost dead.
Joseph zaps a wand.
Your will is overpowered!
You are confused.
You're too confused to cast spells.
Joseph zaps a wand.
Your will is overpowered!
You are more confused.
Unknown command.
You're too confused to cast spells.
You're too confused to move!
Joseph shoots a sling bullet.
The sling bullet hits you!
Unknown command.
You're too confused to cast spells.
You're too confused to move!
Joseph shoots a sling bullet.
The sling bullet barely misses you.
Joseph zaps a wand.
You easily resist.
Joseph shoots a sling bullet.
The sling bullet hits you!!
Joseph unwields a +0 sling.
Joseph wields a +1 vorpal quarterstaff.
Joseph hits you with a +1 vorpal quarterstaff!
* * * LOW HITPOINT WARNING * * *
x2 Joseph is no longer more vulnerable to fire.
Joseph zaps a wand.
Your will is overpowered!
You are more confused.
Joseph zaps a wand.
You easily resist.
Joseph unwields a +1 vorpal quarterstaff.
Joseph wields a +0 sling.
Joseph shoots a sling bullet.
The sling bullet hits you!!
* * * LOW HITPOINT WARNING * * *
Joseph shoots a sling bullet.
The sling bullet hits you!!
You die...

......# #.# .. ......####
###.# ## .........####...#
...##...........#
##############
......#.....##..#
#...........[#
...#..#)...#....#
#.##########[#
#####[[#..#.....# #.# #[#
#...###.@...###.##########)##
#....###....@................
#....#..#...###.##########.##
#...#....#..# #.# #.##
#.##.....#.## #.# #.##
#..........# #.# #.##
###.###..### #.# #... #.#
#†## #.# #.## #.# #.# #.# #.#
#.###.## ##.## #.#


You could see Joseph.

Vanquished Creatures
  Maggie (D:7)
  Grinder (D:5)
  Sigmund (D:2)
  A water moccasin (D:7)
  Duvessa (D:4)
  2 orc warriors (D:7)
  A sky beast (D:7)
  A black bear (D:7)
  3 ogres
  A kobold brigand (D:7)
  2 elf zombies (Ossuary)
  5 bullfrogs
  2 necrophages
  4 scorpions
  4 wights (D:7)
  Dowan (D:4)
  A howler monkey (D:6)
  A centaur zombie (Ossuary)
  2 hounds
  2 jellies
  A human zombie (Ossuary)
  2 orc priests
  An iguana (D:7)
  Jessica (D:2)
  A gnoll bouda (D:4)
  Natasha (thrice) (D:2)
  4 orc wizards
  2 mummies (Ossuary)
  8 gnolls
  6 river rats
  11 adders
  2 white imps (D:6)
  An ufetubus (D:3)
  A worm (D:4)
  3 dart slugs
  20 orcs
  12 endoplasms
  8 giant cockroaches
  8 goblins
  5 hobgoblins
  4 jackals (D:4)
  3 quokkas
  17 ball pythons
  4 bats
  6 frilled lizards
  4 goblin zombies
  8 hobgoblin zombies (Ossuary)
  3 jackal zombies (Ossuary)
  16 kobolds
  13 kobold zombies (Ossuary)
  6 orc zombies (Ossuary)
  27 rats
  A rat zombie (Ossuary)
249 creatures vanquished.

Vanquished Creatures (others)
  661 foxfires
661 creatures vanquished.

Grand Total: 910 creatures vanquished

Notes
Turn   | Place    | Note
-------+----------+-------------------------------------------
     0 | D:1      | slphil the Djinni Fire Elementalist began the quest for the
                  | Orb.
     0 | D:1      | slphil set off with the following spells memorised:
                  | Foxfire, Scorch, Kindle Blastsparks, Inner Flame, Flame
                  | Wave.
     0 | D:1      | Reached XP level 1. HP: 15/15 MP: 0/0
    77 | D:1      | Reached skill level 1 in Fighting
    77 | D:1      | Reached XP level 2. HP: 13/22 MP: 0/0
   342 | D:1      | You are sucked into a shaft and drop 1 floor!
   348 | D:2      | Noticed Jessica
   365 | D:2      | Noticed Natasha
   373 | D:2      | Killed Natasha
   374 | D:2      | Reached skill level 2 in Fighting
   374 | D:2      | Reached XP level 3. HP: 7/28 MP: 0/0
   374 | D:2      | Learned a level 1 spell: Beastly Appendage
   471 | D:2      | Killed Jessica
   472 | D:2      | Reached XP level 4. HP: 30/34 MP: 0/0
   952 | D:2      | Noticed Sigmund
   958 | D:2      | Killed Sigmund
   959 | D:2      | Reached skill level 3 in Fighting
   959 | D:2      | Reached XP level 5. HP: 37/41 MP: 0/0
   959 | D:2      | Learned a level 2 spell: Call Imp
   959 | D:2      | Reached XP level 6. HP: 43/47 MP: 0/0
  1060 | D:2      | Noticed Natasha
  1568 | D:2      | Killed Natasha
  1569 | D:2      | Reached skill level 4 in Fighting
  1725 | D:2      | Noticed Natasha
  1734 | D:2      | Killed Natasha
  2035 | D:3      | Found a burning altar of Makhleb.
  2064 | D:3      | Became a worshipper of Makhleb the Destroyer
  2090 | D:3      | Found a faded altar of an unknown god.
  2220 | D:4      | Noticed Duvessa
  2220 | D:4      | Noticed Dowan
  2243 | D:4      | Killed Duvessa
  2244 | D:4      | Reached XP level 7. HP: 53/53 MP: 0/0
  2244 | D:4      | Learned a level 3 spell: Tukima's Dance
  2256 | D:4      | Killed Dowan
  2257 | D:4      | Reached skill level 1 in Invocations
  2508 | D:4      | Reached skill level 5 in Fighting
  2570 | D:4      | Identified the +4 falchion of Bieruzoahi {drain, rCorr}
  2886 | D:4      | Reached XP level 8. HP: 57/59 MP: 0/0
  2890 | D:4      | Reached * piety under Makhleb
  3096 | D:4      | Reached skill level 5 in Spellcasting
  3270 | D:5      | Entered Level 5 of the Dungeon
  3352 | D:5      | Found a glowing drain.
  3364 | Sewer    | Entered a sewer
  3432 | Sewer    | Reached ** piety under Makhleb
  3557 | Sewer    | Reached skill level 6 in Fighting
  3643 | D:5      | Found a staircase to the Ecumenical Temple.
  3670 | D:5      | Found a sand-covered staircase.
  3682 | Ossuary  | Entered an ossuary
  3710 | Ossuary  | Reached *** piety under Makhleb
  3801 | Ossuary  | Reached XP level 9. HP: 64/67 MP: 0/0
  3801 | Ossuary  | Learned a level 3 spell: Ignite Poison
  3812 | Ossuary  | Reached skill level 7 in Fighting
  4079 | D:5      | Found an opulent altar of Gozag.
  4080 | D:5      | Found a glowing golden altar of the Shining One.
  4088 | D:5      | Found a hide-covered altar of Uskayaw.
  4224 | D:5      | Noticed Grinder
  4232 | D:5      | Killed Grinder
  4441 | D:6      | Reached **** piety under Makhleb
  4619 | D:6      | Found a runed translucent gate.
  4619 | D:6      | Found a runed translucent gate.
  4619 | D:6      | Found a runed translucent gate.
  4619 | D:6      | Noticed bande's ghost (novice GrFi)
  5848 | D:7      | Reached skill level 8 in Fighting
  6030 | D:7      | Reached XP level 10. HP: 75/77 MP: 0/0
  6035 | D:7      | Noticed Joseph
  6040 | D:7      | Noticed Menkaure
  6045 | D:7      | Noticed Maggie
  6186 | D:7      | Reached skill level 5 in Invocations
  6386 | D:7      | Killed Maggie
  6387 | D:7      | Reached skill level 9 in Fighting
  6415 | D:7      | Reached ***** piety under Makhleb
  6518 | D:7      | HP: 3/78 [Joseph/sling bullet (20)]
  6519 | D:7      | Shot with a sling bullet by Joseph

Illustrated notes

Levels and vault maps discovered:
D:1:      matt_arrival_diagonals, layout_basic, minmay_box_of_dots
D:2:      layout_loops_ring, serial_co_window_serial, co_window_paths_b,
          co_window_corner_a, co_window_corner_a, co_window_paths_a,
          co_window_corner_a, co_window_paths_b, co_window_2corner,
          co_window_of_opportunity_c, co_window_unsneaky_path_b,
          co_window_broadway_a, co_window_broadway_c, co_window_sun,
          glass_columns_b, glass_columns_a, uniq_natasha, uniq_sigmund,
          uniq_jessica
D:3:      layout_rooms, mainiacjoe_overflow_concentric_impassable,
          chequers_ecumenical_altar_twisty
D:4:      layout_loops_ring, uniq_duvessa
D:5:      layout_rooms, grunt_temple_overflow_open,
          minmay_temple_entry_glassed_door, enter_ossuary_4,
          portal_sewer_entry_e, uniq_grinder
D:6:      layout_basic, gammafunk_ghost_necromancy
D:7:      layout_loops_ring, yredelemnul_forgotten_temple_becter,
          minmay_misc_feat_chi, minmay_starry_boxes, uniq_maggie, uniq_joseph,
          uniq_menkaure

Skill      XL: |  1  2  3  4  5  6  7  8  9 10 |
---------------+-------------------------------+-----
Fighting       | 1 2 3 4 5 6 8 9 |  9.2
Spellcasting   | 3 4 5 7 |  7.5
Invocations    | 2 3 4 5 |  5.4
Dodging        | |  2.1
Stealth        | |  1.5

Action                   |  1- 3 |  4- 6 |  7- 9 | 10-12 || total
-------------------------+-------+-------+-------+-------++-------
Melee: Unarmed           |     5 |     1 |    13 |       ||    19
       Halberd           |       |       |     2 |       ||     2
 Cast: Foxfire           |    18 |    61 |   284 |    38 ||   401
       Scorch            |     7 |    12 |    90 |    22 ||   131
       Call Imp          |       |     1 |       |       ||     1
       Flame Wave        |       |       |     6 |       ||     6
  Use: Potion            |       |     4 |       |       ||     4
       Scroll            |       |       |     1 |       ||     1
Armor: Skin              |       |     1 |     2 |       ||     3
       Robe              |       |       |    18 |       ||    18
Dodge: Dodged            |     4 |     8 |    62 |     6 ||    80
Block: Other             |       |     2 |     2 |       ||     4

Table legend: (Time is in decaauts)
 A = Elapsed time spent in this place.
 B = Non-inter-level travel time spent in this place.
 C = Inter-level travel time spent in this place.
 D = Time resting spent in this place.
 E = Time spent auto-exploring this place.
 F = Levels seen in this place.
 G = Mean time per level.
                   A        B        C        D        E       F      G
               +--------+--------+--------+--------+--------+-----+--------+
         Total |   6519 |   5928 |    591 |    193 |   4412 |   9 |  724.3 |
       Dungeon |   6097 |   5506 |    591 |    193 |   4324 |   7 |  871.0 |
         Sewer |    217 |    217 |      0 |      0 |     14 |   1 |  217.0 |
       Ossuary |    204 |    204 |      0 |      0 |     74 |   1 |  204.0 |
               +--------+--------+--------+--------+--------+-----+--------+

Top non-repeatable levels by time:
     D:2: 1495 daAuts
     D:4: 1164 daAuts
     D:1: 912 daAuts
     D:6: 876 daAuts
     D:5: 647 daAuts
     D:7: 556 daAuts
     D:3: 444 daAuts
   Sewer: 217 daAuts
 Ossuary: 204 daAuts
